 Dungeon Crawl Stone Soup version 0.31.0-12-g77e489cdc1 (webtiles) character file.

Game seed: 15627172485380998552

55 ezpacito the Ducker (level 3, 0/27 HPs)
             Began as a Demonspawn Gladiator on Feb 15, 2024.
             Succumbed to an adder's poison
             ... on level 1 of the Dungeon.
             The game lasted 00:02:01 (1016 turns).

ezpacito the Ducker (Demonspawn Gladiator)          Turns: 1016, Time: 00:02:02

Health: 0/27       AC:  4    Str: 16    XL:     3   Next: 67%
Magic:  3/4        EV: 12    Int:  8    God:
Gold:   50         SH:  0    Dex: 14    Spells: 3/3 levels left

rFire   . . .        a - +0 war axe
rCold   + . .        (no shield)
rNeg    . . .        b - +0 leather armour
rPois   .            c - +0 helmet
rElec   .            (no cloak)
rCorr   .            (no gloves)
SInv    .            (no boots)
Will    .....        (no amulet)
Stlth   +            l - ring of protection from cold
HPRegen 0.24/turn    (no ring)
MPRegen 0.09/turn

%: no passive effects
@: mighty, lethally poisoned (0 -> -1)
A: foul stench 1
a: no special abilities


You were on level 1 of the Dungeon.
You visited 1 branch of the dungeon, and saw 2 of its levels.

You collected 50 gold pieces.

Inventory:

Hand Weapons
 a - a +0 war axe (weapon)
Missiles
 d - 4 throwing nets (quivered)
 e - 3 javelins
 j - 3 curare-tipped darts
 k - 5 stones
Armour
 b - a +0 leather armour (worn)
 c - a +0 helmet (worn)
Jewellery
 l - a ring of protection from cold (left hand)
Scrolls
 i - a scroll of immolation


   Skills:
 + Level 2.2 Fighting
 * Level 3.0 Axes
 + Level 2.0 Throwing
 + Level 0.6 Armour
 * Level 3.1 Dodging
 + Level 0.6 Stealth
 + Level 0.6 Unarmed Combat
 + Level 0.7 Spellcasting


You had 3 spell levels left.
You didn't know any spells.
Your spell library was empty.

Dungeon Overview and Level Annotations

Branches:
Dungeon (2/15)

Altars:

Shops:
D:1 =![


Innate Abilities, Weirdness & Mutations

You may rarely emit foul miasma when damaged in melee.


Message History

The gnoll is heavily wounded.
You barely miss the gnoll. You hit the adder. The adder barely misses you.
The gnoll closely misses you. The gnoll barely misses you.
The adder closely misses you.
Unknown command.
You completely miss the gnoll.
The gnoll is heavily wounded.
You hit the adder but do no damage. You hit the gnoll.
The gnoll barely misses you. The gnoll hits you with a +0 flail.
* * * LOW HITPOINT WARNING * * *
You emit a cloud of foul miasma!
The adder closely misses you. The gnoll closely misses you.
The gnoll is engulfed in dark miasma.
The gnoll is poisoned.
You kill the gnoll!
Your Axes skill increases to level 3!
Your Throwing skill increases to level 2!
Your Dodging skill increases to level 3!
You have reached level 3!
Your experience leads to an increase in your attributes!
Increase (S)trength, (I)ntelligence, or (D)exterity?
You feel stronger. x2
Okay, then.
It was a potion of might.
You feel very mighty all of a sudden. The adder completely misses you.
The adder bites you.
* * * LOW HITPOINT WARNING * * *
You are lethally poisoned!
The adder poisons you! The gnoll barely misses you.
You hit the adder.
The adder is almost dead.
You slash the gnoll!
You kill the gnoll!
* * * LOW HITPOINT WARNING * * *
You feel sick. The adder barely misses you.
You hit the adder.
You kill the adder!
* * * LOW HITPOINT WARNING * * *
You feel sick.
You aren't carrying any potions.
You die...

###♣~~~~~~~~≈≈≈≈≈≈≈≈≈
#..P~~~~P~)≈≈≈≈≈≈≈≈≈≈
#.♣♣~♣~~PP~≈≈≈≈≈≈≈≈≈≈
#.♣♣~~~♣~~~≈≈≈≈≈≈≈≈≈≈
#.#~~~~~~~♣~≈≈~≈≈≈≈≈≈
#...P~~~~~~~≈~≈≈≈≈~P~
###...P♣P~♣~~~~≈P~≈~~
#....♣♣~♣♣~~~~~~~~~
#.@.....♣.♣♣♣~P♣♣~♣
#..>...#...♣♣♣.♣♣♣♣
#...)..#........###
########........##.
#........##.
#...........
#.......♣♣♣♣
###.###♣P~~~ #.#
#♣~~P~


There were no monsters in sight!

Vanquished Creatures
  An adder (D:1)
  2 gnolls (D:1)
  2 dart slugs (D:1)
  A ball python (D:1)
  2 bats (D:1)
  An endoplasm (D:1)
  A giant cockroach (D:1)
  4 hobgoblins (D:1)
  2 quokkas (D:1)
  2 frilled lizards (D:1)
  4 kobolds (D:1)
  A rat (D:1)
23 creatures vanquished.

Notes
Turn   | Place    | Note
-------+----------+-------------------------------------------
     0 | D:1      | ezpacito the Demonspawn Gladiator began the quest for the
                  | Orb.
     0 | D:1      | Reached XP level 1. HP: 16/16 MP: 1/1
   137 | D:1      | Gained mutation: You may rarely emit foul miasma when
                  | damaged in melee. [demonic ancestry]
   137 | D:1      | Reached XP level 2. HP: 22/22 MP: 2/2
   253 | D:1      | Found Xyrr's Distillery.
   416 | D:1      | Found Udopt's Antique Armour Shop.
   454 | D:1      | Found Wuuf's Jewellery Shoppe.
  1013 | D:1      | Reached XP level 3. HP: 5/27 MP: 3/3
  1015 | D:1      | HP: 1/27 [poisoned by an adder]
  1016 | D:1      | Succumbed to an adder's poison

Illustrated notes

Levels and vault maps discovered:
D:1:      co_arrival_random_square_maze, layout_rooms, serial_bayou,
          serial_bayou_crossing, serial_bayou_ford_a, serial_bayou_pond_a,
          serial_bayou_pond_c, serial_bayou_lake_a, serial_bayou_pond_a,
          serial_shops, shop, shop, nicolae_shop_real_fake_doors,
          minmay_curled_crystal, st_stairs_6
D:2:      layout_rooms, minmay_between, uniq_jessica, uniq_terence

Skill      XL: |  1  2 |
---------------+-------+-----
Axes           | 3 |  3.0
Throwing       | 2 |  2.0
Dodging        | 3 |  3.1
Fighting       | |  2.2
Armour         | |  0.6
Stealth        | |  0.6
Unarmed Combat | |  0.6
Spellcasting   | |  0.7

Action                     || total
---------------------------++-------
  Melee: War axe           ||    49
    Use: Potion            ||     2
         Scroll            ||     1
   Stab: Sleeping          ||     1
 Armour: Leather armour    ||    33
  Dodge: Dodged            ||    47
